 Dungeon Crawl Stone Soup version 0.29.0-4-gdea44cf6ec (webtiles) character file.

Game seed: 13531433814833373431

11342 qw the Grappler (level 11, -10/102 HPs)
             Began as a Troll Cinder Acolyte on Sept 1, 2022.
             Was a Believer of Ignis.
             Mangled by an ice devil (12 damage)
             ... on level 1 of the Lair of Beasts.
             The game lasted 00:05:08 (8483 turns).

qw the Grappler (Troll Cinder Acolyte)              Turns: 8483, Time: 00:05:09

Health: -10/102    AC: 17    Str: 28    XL:     11   Next: 48%
Magic:  0/11       EV: 12    Int: 10    God:    Ignis [**....]
Gold:   239        SH:  9    Dex:  7    Spells: 12/12 levels left

rFire   + + .      SeeInvis .     - Unarmed
rCold   . . .      Faith    .   u - +0 kite shield
rNeg    + . .      Spirit   +   p - +2 steam dragon scales
rPois   +          Reflect  .   (helmet restricted)
rElec   +          Harm     .   b - +0 cloak of Cowardice {rN+ rCorr}
rCorr   +          Rampage  .   (gloves unavailable)
Will    .....                   (boots unavailable)
Stlth   ++........              c - amulet of guardian spirit
HPRegen 1.07/turn               r - ring "Ehua" {rPois rF+}
MPRegen 0.12/turn               t - +4 ring of evasion

@: fiery-armoured
A: large, unfitting armour, claws 3, regeneration 1, shaggy fur 1, tough skin 1,
thin skeletal structure 1, sense surroundings 1, electricity resistance
a: Renounce Religion, Fiery Armour, Foxfire Swarm, Rising Flame


You were on level 1 of the Lair of Beasts.
You worshipped Ignis.
Ignis was pleased with you.
You visited 2 branches of the dungeon, and saw 10 of its levels.

You collected 497 gold pieces.
You spent 258 gold pieces at shops.


Innate Abilities, Weirdness & Mutations

You are too large for most types of armour.
You have claws for hands.
Your natural rate of healing is unusually fast.
You are covered in fur. (AC +1)
You have tough skin. (AC +1)
You have a somewhat thin skeletal structure. (Dex +2, Stealth+)
You passively map a small area around you.
You are resistant to electric shocks. (rElec)


   Skills:
 - Level 5.0 Fighting
 + Level 4.2 Throwing
 - Level 2.4 Armour
 - Level 2.3 Dodging
 - Level 9.4 Shields
 - Level 13.0 Unarmed Combat
 - Level 1.0 Spellcasting
 - Level 2.1 Fire Magic


You had 12 spell levels left.
You didn't know any spells.
Your spell library contained the following spells:

 Spells                   Type           Power      Damage    Failure   Level
 Scorch                   Fire           8%         2d5       38%         2

Inventory:

Missiles
 d - 2 large rocks
 h - 9 boomerangs (quivered)
Armour
 b - the +0 cloak of Cowardice (worn) {rN+ rCorr}
   (You acquired it on level 1 of the Dungeon)

   rN:        It protects you from negative energy.
   rCorr:     It protects you from acid and corrosion.
 p - +2 steam dragon scales (worn)
 u - a +0 kite shield (worn)
Jewellery
 c - an amulet of guardian spirit (around neck)
 f - a ring of protection from fire
 l - a ring of ice
 m - a +6 ring of dexterity
 r - the ring "Ehua" (left claw) {rPois rF+}
   (You found it on level 9 of the Dungeon)

   [ring of protection from fire]

   rF:        It protects you from fire.
   rPois:     It protects you from poison.
 t - a +4 ring of evasion (right claw)
Scrolls
 e - a scroll of identify
Potions
 a - 2 potions of mutation
 g - 2 potions of cancellation
 i - a potion of haste
 k - 5 potions of curing
 o - 2 potions of might
 q - a potion of flight {unknown}

Dungeon Overview and Level Annotations

Branches:
Dungeon (9/15)             Temple (0/1) D:4            Lair (1/5) D:9
    Orc: D:9-12

Altars:
Ashenzari
Cheibriados
Dithmenos
Elyvilon
Fedhas
Gozag
Hepliaklqana
Sif Muna
Trog
Xom
The Shining One

Shops:
D:8 *


Message History

You closely miss the ice beast.
The ice beast is almost dead.
The ice statue gestures at you.
The freezing blast engulfs the ice beast.
The ice beast completely resists.
8476 ||| Stepping ~*~*~tactically~*~*~ (cloud).
You block the ice beast's attack. The ice statue gestures at you.
The bolt of cold hits you!
You mangle the ice beast!!
You kill the ice beast!
The ice beast disappears in a puff of smoke!
The ice statue gestures at you. The freezing blast engulfs you.
You're standing in a cloud of freezing vapour!
You're standing in a cloud of freezing vapour!
8478 ||| Stepping randomly (cloudy).
You are engulfed in freezing vapours.
8479 ||| Stepping ~*~*~tactically~*~*~ (cloud).
The ice statue gestures at you. The shard of ice hits you!!
The ice devil hits you. The ice devil freezes you!!
The ice devil is burned terribly!
The ice devil is burned by your cloak of flames.
The ice devil is lightly wounded.
There is an empty arch of ancient stone here.
You closely miss the ice devil.
The ice devil is lightly wounded.
You block the ice devil's attack.
You barely miss the ice devil.
The ice devil is lightly wounded.
You block the ice devil's attack. The ice statue gestures at you.
The bolt of cold hits you!!
You claw the ice devil!
The ice devil is moderately wounded.
You barely miss the ice devil.
The ice devil is moderately wounded.
The ice statue gestures.
The ice devil hits you. The ice devil freezes you!
You die...

*...~~~ #.....#....
#..~~~~##.....#....
#...~~~~#.#...#....
#....~~~#.....%....
#8...~~~~.#%.%.%...
#$...~~(...#%##!...
#$.0.0~~...........
#|00.~~(...........
#)@.0~~(..%###P#...
#:.4.~~~...# ###...
#$...~~~...# ##..
#Y...~~~...# #..
#8..~~~~#...# #..
#.$..~~~...## #..
#...~~~~#..# #..
#...~~~~#..# #..
#..~~~~## .# #..


You could see an ice statue, an ice devil and an ice beast (summoned).

Vanquished Creatures
  A two-headed ogre (D:9)
  Erica (D:8)
  A death yak (Lair:1)
  A bog body (Lair:1)
  A cane toad (Lair:1)
  A rime drake (Lair:1)
  A komodo dragon (Lair:1)
  2 ice devils (Lair:1)
  An entropy weaver simulacrum (Lair:1)
  2 polar bears (Lair:1)
  A hornet (D:8)
  4 wyverns
  Sigmund (D:2)
  12 yaks
  A steam dragon (D:7)
  3 chaos spawn (D:7)
  2 water moccasins
  An acid dragon (D:9)
  A sky beast (D:7)
  2 ice beasts
  2 black bears
  3 ogres
  A wolf (Lair:1)
  2 centaurs
  2 kobold brigands
  2 necrophages
  4 bullfrogs
  A gnoll sergeant (D:6)
  A cane toad simulacrum (Lair:1)
  5 scorpions
  8 wights
  An elephant simulacrum (Lair:1)
  3 killer bees (D:9)
  3 howler monkeys (D:7)
  3 jellies
  4 hounds
  2 gnoll boudas
  4 orc priests
  2 iguanas
  Jessica (D:2)
  10 orc wizards
  15 gnolls
  2 adders
  A naga simulacrum (Lair:1)
  A shadow imp (D:7)
  3 white imps
  A worm (D:2)
  2 dart slugs
  26 orcs
  6 endoplasms
  3 giant cockroaches
  5 goblins
  9 hobgoblins
  4 jackals (D:2)
  21 kobolds
  A quokka (D:2)
  6 ball pythons
  3 bats
  4 frilled lizards
  4 rats
221 creatures vanquished.

Vanquished Creatures (others)
  Psyche (D:8)
  A kobold (D:8)
  2 fungi
  A plant (Lair:1)
5 creatures vanquished.

Grand Total: 226 creatures vanquished

Notes
Turn   | Place    | Note
-------+----------+-------------------------------------------
     0 | D:1      | qw the Troll Cinder Acolyte began the quest for the Orb.
     0 | D:1      | Reached XP level 1. HP: 22/22 MP: 1/1
     0 | D:1      | 0 ||| qw: Version: 0.1-a-97-g2dd2ca4
     0 | D:1      | 0 ||| qw: Game counter: 4785
     0 | D:1      | 0 ||| qw: Always use a shield: true
     0 | D:1      | 0 ||| qw: God list: Okawaru
     0 | D:1      | 0 ||| qw: Allow faded altars: false
     0 | D:1      | 0 ||| qw: Do Orc after D:15 true
     0 | D:1      | 0 ||| qw: Do second Lair branch before Depths: true
     0 | D:1      | 0 ||| qw: Lair rune preference: random
     0 | D:1      | 0 ||| qw: Plans: Normal
     0 | D:1      | 0 ||| PLANNING D:1-11
    28 | D:1      | Found a faded altar of an unknown god.
   245 | D:1      | Reached XP level 2. HP: 29/29 MP: 2/2
   688 | D:1      | 688 ||| UPGRADING to +4 ring of evasion.
   689 | D:1      | 689 ||| READING scroll labelled ZAOPNO KAOSOS.
   690 | D:1      | 690 ||| READING scroll labelled OFUCEOTHUCH.
   691 | D:1      | 691 ||| READING scroll labelled BELYESOSAO.
   692 | D:1      | 692 ||| READING 3 scrolls labelled FOMNY JY MOCK.
   693 | D:1      | 693 ||| READING scroll labelled UWUDWA XICLO.
   694 | D:1      | 694 ||| READING scroll labelled YTSIAV HOCVAPHIU.
   694 | D:1      | Identified a scroll of acquirement
   694 | D:1      | 694 ||| ACQUIRING +0 cloak of Cowardice {rN+ rCorr}
   694 | D:1      | Acquired the +0 cloak of Cowardice {rN+ rCorr}
   696 | D:1      | 696 ||| UPGRADING to +0 cloak of Cowardice {rN+ rCorr}.
   701 | D:1      | 701 ||| DRINKING 2 fuming amethyst potions.
   702 | D:1      | 702 ||| DROPPING 2 scrolls of immolation.
   726 | D:2      | Noticed Sigmund
   727 | D:2      | 727 ||| Stepping ~*~*~tactically~*~*~ (hiding).
   734 | D:2      | 734 ||| FLEEEEING.
   735 | D:2      | 735 ||| FLEEEEING.
   736 | D:2      | 736 ||| STAIRDANCE
   747 | D:2      | 747 ||| STAIRDANCE
   753 | D:1      | Reached skill level 4 in Unarmed Combat
   755 | D:2      | 755 ||| Stepping ~*~*~tactically~*~*~ (outnumbered).
   756 | D:2      | 756 ||| Stepping ~*~*~tactically~*~*~ (outnumbered).
   757 | D:2      | 757 ||| Stepping ~*~*~tactically~*~*~ (outnumbered).
   762 | D:2      | 762 ||| Stepping ~*~*~tactically~*~*~ (stealth).
   764 | D:2      | 764 ||| Stepping ~*~*~tactically~*~*~ (stealth).
   778 | D:2      | 778 ||| DRINKING potion of curing.
   778 | D:2      | 778 ||| (to cure confusion)
   781 | D:2      | Killed Sigmund
   782 | D:2      | Reached skill level 6 in Unarmed Combat
   782 | D:2      | Reached XP level 3. HP: 22/36 MP: 3/3
   782 | D:2      | Reached XP level 4. HP: 26/44 MP: 4/4
   782 | D:2      | Reached XP level 5. HP: 30/50 MP: 5/5
   799 | D:2      | 799 ||| Stepping ~*~*~tactically~*~*~ (stealth).
   800 | D:2      | 800 ||| Stepping ~*~*~tactically~*~*~ (stealth).
   802 | D:2      | 802 ||| Stepping ~*~*~tactically~*~*~ (stealth).
   803 | D:2      | 803 ||| Stepping ~*~*~tactically~*~*~ (stealth).
   813 | D:2      | 813 ||| Stepping ~*~*~tactically~*~*~ (stealth).
   943 | D:2      | Noticed Jessica
   944 | D:2      | 944 ||| Stepping ~*~*~tactically~*~*~ (hiding).
   951 | D:2      | Killed Jessica
  1581 | D:2      | 1581 ||| UPGRADING to amulet of guardian spirit.
  1586 | D:2      | 1586 ||| READING scroll labelled FAFFUD PEITWISO.
  1587 | D:2      | 1587 ||| DRINKING 2 emerald potions.
  1688 | D:2      | 1688 ||| DROPPING potion of ambrosia.
  1776 | D:3      | 1776 ||| Stepping ~*~*~tactically~*~*~ (hiding).
  1781 | D:3      | 1781 ||| INVOKING Fiery Armour.
  1792 | D:3      | Reached XP level 6. HP: 34/59 MP: 2/6
  1932 | D:3      | Found a shimmering blue altar of Sif Muna.
  2653 | D:3      | 2653 ||| Stepping ~*~*~tactically~*~*~ (stealth).
  2746 | D:3      | 2746 ||| READING scroll labelled ESIADUENUSCH.
  2750 | D:3      | 2750 ||| DRINKING 2 red potions.
  2751 | D:3      | 2751 ||| READING 2 scrolls of identify.
  2751 | D:3      | 2751 ||| IDENTIFYING clear potion
  2752 | D:3      | 2752 ||| DROPPING potion of attraction.
  2859 | D:3      | 2859 ||| Stepping randomly (stuck).
  3086 | D:3      | 3086 ||| Stepping randomly (stuck).
  3100 | D:4      | Reached skill level 7 in Unarmed Combat
  3187 | D:4      | 3187 ||| Stepping ~*~*~tactically~*~*~ (stealth).
  3188 | D:4      | 3188 ||| Stepping ~*~*~tactically~*~*~ (stealth).
  3356 | D:4      | Found a staircase to the Ecumenical Temple.
  3370 | D:4      | You fall into a shaft and drop 1 floor!
  3370 | D:5      | Entered Level 5 of the Dungeon
  3475 | D:5      | 3475 ||| Stepping ~*~*~tactically~*~*~ (hiding).
  3478 | D:5      | 3478 ||| INVOKING Fiery Armour.
  3505 | D:5      | 3505 ||| Stepping ~*~*~tactically~*~*~ (stealth).
  3562 | D:5      | Reached skill level 8 in Unarmed Combat
  3562 | D:5      | Reached XP level 7. HP: 66/66 MP: 7/7
  3658 | D:5      | 3658 ||| UPGRADING to +6 ring of dexterity.
  3659 | D:5      | 3659 ||| READING scroll labelled BAATETHR ISOE.
  3660 | D:5      | 3660 ||| DRINKING 2 white potions.
  3715 | D:5      | 3715 ||| Stepping ~*~*~tactically~*~*~ (stealth).
  3716 | D:5      | 3716 ||| DRINKING 2 fizzy pink potions.
  3717 | D:5      | 3717 ||| READING 3 scrolls of identify.
  3717 | D:5      | 3717 ||| IDENTIFYING viscous golden potion
  3718 | D:5      | 3718 ||| READING 2 scrolls of identify.
  3718 | D:5      | 3718 ||| IDENTIFYING bubbling inky potion
  3719 | D:5      | 3719 ||| DROPPING potion of degeneration.
  3720 | D:5      | 3720 ||| DROPPING potion of berserk rage.
  3738 | D:5      | Reached skill level 1 in Dodging
  3757 | D:4      | 3757 ||| Stepping ~*~*~tactically~*~*~ (stealth).
  3932 | D:4      | Reached skill level 3 in Fighting
  4006 | D:4      | Identified the +3 pair of boots "Numuchio" {Will++ Int+3}
  4100 | D:4      | 4100 ||| READING scroll labelled ANEW SAN IBEDU.
  4101 | D:4      | 4101 ||| READING scroll labelled IZANYGGUTHE.
  4176 | D:5      | 4176 ||| Stepping ~*~*~tactically~*~*~ (stealth).
  4222 | D:5      | Reached skill level 9 in Unarmed Combat
  4319 | D:5      | Reached XP level 8. HP: 75/75 MP: 8/8
  4648 | D:6      | Found a broken altar of Ashenzari.
  4745 | D:6      | Found a shadowy altar of Dithmenos.
  5019 | D:6      | Reached skill level 10 in Unarmed Combat
  5126 | D:6      | 5126 ||| Stepping ~*~*~tactically~*~*~ (stealth).
  5128 | D:6      | 5128 ||| Stepping ~*~*~tactically~*~*~ (stealth).
  5141 | D:6      | 5141 ||| INVOKING Fiery Armour.
  5419 | D:6      | 5419 ||| UPGRADING to +0 kite shield.
  5424 | D:6      | 5424 ||| DROPPING ring of wizardry.
  5425 | D:6      | 5425 ||| UPGRADING to ring of protection from fire.
  5427 | D:6      | 5427 ||| READING 2 scrolls of identify.
  5427 | D:6      | 5427 ||| IDENTIFYING smoky black potion
  5438 | D:7      | 5438 ||| STAIRDANCE
  5454 | D:7      | 5454 ||| STAIRDANCE
  5456 | D:6      | 5456 ||| Stepping ~*~*~tactically~*~*~ (outnumbered).
  5457 | D:6      | 5457 ||| Stepping ~*~*~tactically~*~*~ (outnumbered).
  5461 | D:6      | Reached skill level 1 in Shields
  5601 | D:7      | 5601 ||| Stepping ~*~*~tactically~*~*~ (stealth).
  5603 | D:7      | 5603 ||| Stepping ~*~*~tactically~*~*~ (hiding).
  5607 | D:7      | 5607 ||| INVOKING Fiery Armour.
  5614 | D:7      | 5614 ||| Stepping ~*~*~tactically~*~*~ (outnumbered).
  5690 | D:7      | 5690 ||| Stepping ~*~*~tactically~*~*~ (hiding).
  5701 | D:7      | Reached skill level 3 in Shields
  5701 | D:7      | Reached XP level 9. HP: 85/85 MP: 7/9
  5742 | D:7      | 5742 ||| INVOKING Fiery Armour.
  5748 | D:7      | 5748 ||| Stepping ~*~*~tactically~*~*~ (outnumbered).
  5749 | D:7      | 5749 ||| Stepping ~*~*~tactically~*~*~ (outnumbered).
  5752 | D:7      | 5752 ||| Stepping ~*~*~tactically~*~*~ (outnumbered).
  5753 | D:7      | 5753 ||| Stepping ~*~*~tactically~*~*~ (outnumbered).
  5754 | D:7      | 5754 ||| Stepping ~*~*~tactically~*~*~ (outnumbered).
  5935 | D:7      | 5935 ||| Stepping ~*~*~tactically~*~*~ (outnumbered).
  5954 | D:7      | 5954 ||| FLEEEEING.
  6075 | D:7      | Found a glowing golden altar of the Shining One.
  6077 | D:7      | 6077 ||| UPGRADING to +0 steam dragon scales.
  6087 | D:7      | 6087 ||| DROPPING +0 robe.
  6088 | D:7      | 6088 ||| READING scroll of enchant armour.
  6088 | D:7      | 6088 ||| ENCHANTING +0 steam dragon scales.
  6089 | D:7      | 6089 ||| READING 4 scrolls of identify.
  6089 | D:7      | 6089 ||| IDENTIFYING sedimented red potion
  6090 | D:7      | 6090 ||| READING 3 scrolls of identify.
  6090 | D:7      | 6090 ||| IDENTIFYING pink potion
  6091 | D:7      | 6091 ||| READING 2 scrolls of identify.
  6091 | D:7      | 6091 ||| IDENTIFYING silvery potion
  6092 | D:7      | 6092 ||| DROPPING potion of brilliance.
  6093 | D:7      | 6093 ||| DROPPING potion of lignification.
  6094 | D:7      | 6094 ||| DROPPING potion of invisibility.
  6121 | D:8      | Found a shimmering altar of Xom.
  6122 | D:8      | 6122 ||| STAIRDANCE
  6130 | D:8      | 6130 ||| STAIRDANCE
  6132 | D:7      | 6132 ||| Stepping ~*~*~tactically~*~*~ (outnumbered).
  6133 | D:7      | 6133 ||| Stepping ~*~*~tactically~*~*~ (outnumbered).
  6134 | D:7      | 6134 ||| Stepping ~*~*~tactically~*~*~ (outnumbered).
  6135 | D:7      | 6135 ||| Stepping ~*~*~tactically~*~*~ (outnumbered).
  6136 | D:7      | 6136 ||| Stepping ~*~*~tactically~*~*~ (outnumbered).
  6137 | D:7      | 6137 ||| Stepping ~*~*~tactically~*~*~ (outnumbered).
  6138 | D:7      | 6138 ||| Stepping ~*~*~tactically~*~*~ (outnumbered).
  6139 | D:7      | 6139 ||| Stepping ~*~*~tactically~*~*~ (outnumbered).
  6140 | D:7      | 6140 ||| Stepping ~*~*~tactically~*~*~ (outnumbered).
  6141 | D:7      | 6141 ||| Stepping ~*~*~tactically~*~*~ (outnumbered).
  6142 | D:7      | 6142 ||| Stepping ~*~*~tactically~*~*~ (outnumbered).
  6143 | D:7      | 6143 ||| Stepping ~*~*~tactically~*~*~ (outnumbered).
  6144 | D:7      | 6144 ||| Stepping ~*~*~tactically~*~*~ (outnumbered).
  6145 | D:7      | 6145 ||| Stepping ~*~*~tactically~*~*~ (outnumbered).
  6146 | D:7      | 6146 ||| Stepping ~*~*~tactically~*~*~ (outnumbered).
  6147 | D:7      | 6147 ||| Stepping ~*~*~tactically~*~*~ (outnumbered).
  6149 | D:7      | 6149 ||| Stepping ~*~*~tactically~*~*~ (outnumbered).
  6150 | D:7      | 6150 ||| Stepping ~*~*~tactically~*~*~ (outnumbered).
  6151 | D:7      | 6151 ||| Stepping ~*~*~tactically~*~*~ (outnumbered).
  6212 | D:8      | 6212 ||| STAIRDANCE
  6232 | D:8      | 6232 ||| STAIRDANCE
  6255 | D:8      | 6255 ||| STAIRDANCE
  6269 | D:7      | Reached skill level 1 in Armour
  6313 | D:8      | 6313 ||| STAIRDANCE
  6325 | D:7      | Reached skill level 6 in Shields
  6337 | D:8      | 6337 ||| STAIRDANCE
  6377 | D:8      | Noticed Psyche
  6378 | D:8      | 6378 ||| STAIRDANCE
  6399 | D:8      | 6399 ||| INVOKING Fiery Armour.
  6402 | D:8      | HP: 21/85 [something (1)]
  6403 | D:8      | 6403 ||| READING scroll of teleportation.
  6404 | D:8      | 6404 ||| DRINKING 2 potions of heal wounds.
  6406 | D:8      | HP: 9/84 [wight/+0 halberd (9)]
  6407 | D:8      | 6407 ||| DRINKING potion of heal wounds.
  6407 | D:8      | Found the +7 mace of Variability {chain chaos}
  6435 | D:8      | Noticed Erica
  6436 | D:8      | 6436 ||| Stepping ~*~*~tactically~*~*~ (stealth).
  6447 | D:8      | Killed Psyche
  6450 | D:8      | 6450 ||| DRINKING 5 potions of curing.
  6450 | D:8      | 6450 ||| (to cure confusion)
  6456 | D:8      | Killed Erica
  6457 | D:8      | Reached XP level 10. HP: 75/94 MP: 3/10
  6493 | D:8      | 6493 ||| Stepping ~*~*~tactically~*~*~ (hiding).
  6502 | D:8      | 6502 ||| Stepping ~*~*~tactically~*~*~ (outnumbered).
  6540 | D:8      | 6540 ||| Stepping ~*~*~tactically~*~*~ (stealth).
  6542 | D:8      | 6542 ||| DRINKING 4 potions of curing.
  6542 | D:8      | 6542 ||| (to cure confusion)
  6558 | D:8      | 6558 ||| Stepping ~*~*~tactically~*~*~ (hiding).
  6824 | D:8      | Found Pihuun's General Store.
  6830 | D:8      | 6830 ||| BUYING potion of cancellation (96 gold).
  6830 | D:8      | Bought a potion of cancellation for 96 gold pieces
  6830 | D:8      | 6830 ||| BUYING potion of curing (36 gold).
  6830 | D:8      | Bought a potion of curing for 36 gold pieces
  6830 | D:8      | 6830 ||| BUYING scroll of enchant armour (90 gold).
  6830 | D:8      | Bought a scroll of enchant armour for 90 gold pieces
  6830 | D:8      | 6830 ||| BUYING scroll of teleportation (36 gold).
  6830 | D:8      | Bought a scroll of teleportation for 36 gold pieces
  6830 | D:8      | 6830 ||| READING scroll of enchant armour.
  6830 | D:8      | 6830 ||| ENCHANTING +1 steam dragon scales.
  6920 | D:8      | Paralysed by a hornet for 3 turns
  6999 | D:8      | Found a shimmering altar of Xom.
  7007 | D:8      | Found a snail-covered altar of Cheibriados.
  7012 | D:8      | Found a blossoming altar of Fedhas.
  7020 | D:8      | Found an opulent altar of Gozag.
  7025 | D:8      | Found a white marble altar of Elyvilon.
  7033 | D:8      | Found a hazy altar of Hepliaklqana.
  7038 | D:8      | Found a bloodstained altar of Trog.
  7132 | D:8      | 7132 ||| READING scroll labelled VIER WOINLYEKK.
  7133 | D:8      | 7133 ||| DRINKING 2 puce potions.
  7133 | D:8      | Gained mutation: You passively map a small area around you.
                  | [potion of mutation]
  7133 | D:8      | Gained mutation: You have a somewhat thin skeletal
                  | structure. (Dex +2, Stealth+) [potion of mutation]
  7133 | D:8      | Gained mutation: You are resistant to electric shocks.
                  | (rElec) [potion of mutation]
  7134 | D:8      | 7134 ||| DRINKING 2 blue potions.
  7135 | D:8      | 7135 ||| DROPPING potion of magic.
  7287 | D:9      | Reached skill level 3 in Throwing
  7363 | D:9      | 7363 ||| Stepping ~*~*~tactically~*~*~ (stealth).
  7423 | D:9      | Noticed a two-headed ogre
  7428 | D:9      | Killed a two-headed ogre
  7429 | D:9      | Reached skill level 11 in Unarmed Combat
  7456 | D:9      | Identified the ring "Ehua" {rPois rF+}
  7468 | D:9      | Found a staircase to the Lair.
  7498 | D:9      | 7498 ||| Stepping ~*~*~tactically~*~*~ (stealth).
  7499 | D:9      | 7499 ||| Stepping ~*~*~tactically~*~*~ (stealth).
  7501 | D:9      | 7501 ||| Stepping ~*~*~tactically~*~*~ (stealth).
  7515 | D:9      | 7515 ||| Stepping ~*~*~tactically~*~*~ (hiding).
  7528 | D:9      | 7528 ||| Stepping ~*~*~tactically~*~*~ (outnumbered).
  7831 | D:9      | 7831 ||| Stepping ~*~*~tactically~*~*~ (stealth).
  7837 | D:9      | Reached skill level 9 in Shields
  7885 | D:9      | 7885 ||| PLANNING LAIR
  7885 | D:9      | 7885 ||| UPGRADING to ring "Ehua" {rPois rF+}.
  7887 | D:9      | 7887 ||| UPGRADING to +6 ring of dexterity.
  7889 | D:9      | 7889 ||| UPGRADING to +4 ring of evasion.
  7891 | D:9      | 7891 ||| READING scroll labelled IBAROR MEEHOGH.
  7956 | Lair:1   | Entered Level 1 of the Lair of Beasts
  8006 | Lair:1   | Noticed a cane toad
  8014 | Lair:1   | Killed a cane toad
  8088 | Lair:1   | 8088 ||| Stepping ~*~*~tactically~*~*~ (stealth).
  8090 | Lair:1   | 8090 ||| Stepping ~*~*~tactically~*~*~ (stealth).
  8092 | Lair:1   | 8092 ||| Stepping ~*~*~tactically~*~*~ (stealth).
  8094 | Lair:1   | 8094 ||| Stepping ~*~*~tactically~*~*~ (stealth).
  8096 | Lair:1   | 8096 ||| Stepping ~*~*~tactically~*~*~ (stealth).
  8098 | Lair:1   | 8098 ||| Stepping ~*~*~tactically~*~*~ (stealth).
  8099 | Lair:1   | 8099 ||| Stepping ~*~*~tactically~*~*~ (stealth).
  8100 | Lair:1   | 8100 ||| Stepping ~*~*~tactically~*~*~ (stealth).
  8101 | Lair:1   | 8101 ||| Stepping ~*~*~tactically~*~*~ (stealth).
  8106 | Lair:1   | 8106 ||| Stepping ~*~*~tactically~*~*~ (stealth).
  8136 | Lair:1   | 8136 ||| INVOKING Fiery Armour.
  8136 | Lair:1   | Noticed a bog body
  8137 | Lair:1   | 8137 ||| Stepping ~*~*~tactically~*~*~ (stealth).
  8138 | Lair:1   | HP: 21/94 [komodo dragon (9)]
  8139 | Lair:1   | 8139 ||| READING 2 scrolls of teleportation.
  8140 | Lair:1   | 8140 ||| DRINKING 2 potions of heal wounds.
  8211 | Lair:1   | 8211 ||| Stepping ~*~*~tactically~*~*~ (stealth).
  8214 | Lair:1   | 8214 ||| Stepping ~*~*~tactically~*~*~ (stealth).
  8215 | Lair:1   | 8215 ||| Stepping ~*~*~tactically~*~*~ (stealth).
  8216 | Lair:1   | 8216 ||| Stepping ~*~*~tactically~*~*~ (stealth).
  8217 | Lair:1   | 8217 ||| Stepping ~*~*~tactically~*~*~ (stealth).
  8227 | Lair:1   | Reached skill level 12 in Unarmed Combat
  8227 | Lair:1   | Reached XP level 11. HP: 75/101 MP: 7/11
  8244 | Lair:1   | 8244 ||| Stepping ~*~*~tactically~*~*~ (stealth).
  8252 | Lair:1   | 8252 ||| INVOKING Fiery Armour.
  8262 | Lair:1   | Killed a bog body
  8279 | Lair:1   | Noticed a death yak
  8280 | Lair:1   | HP: 21/102 [rime drake/flash freeze (12)]
  8281 | Lair:1   | 8281 ||| READING scroll of teleportation.
  8282 | Lair:1   | 8282 ||| DRINKING potion of heal wounds.
  8288 | Lair:1   | 8288 ||| Stepping ~*~*~tactically~*~*~ (outnumbered).
  8289 | Lair:1   | 8289 ||| Stepping ~*~*~tactically~*~*~ (outnumbered).
  8290 | Lair:1   | 8290 ||| Stepping ~*~*~tactically~*~*~ (outnumbered).
  8291 | Lair:1   | 8291 ||| Stepping ~*~*~tactically~*~*~ (outnumbered).
  8292 | Lair:1   | 8292 ||| Stepping ~*~*~tactically~*~*~ (outnumbered).
  8293 | Lair:1   | 8293 ||| Stepping ~*~*~tactically~*~*~ (outnumbered).
  8294 | Lair:1   | 8294 ||| Stepping ~*~*~tactically~*~*~ (outnumbered).
  8295 | Lair:1   | 8295 ||| Stepping ~*~*~tactically~*~*~ (outnumbered).
  8297 | Lair:1   | 8297 ||| Stepping ~*~*~tactically~*~*~ (outnumbered).
  8298 | Lair:1   | 8298 ||| Stepping ~*~*~tactically~*~*~ (outnumbered).
  8299 | Lair:1   | 8299 ||| Stepping ~*~*~tactically~*~*~ (outnumbered).
  8300 | Lair:1   | 8300 ||| Stepping ~*~*~tactically~*~*~ (outnumbered).
  8301 | Lair:1   | 8301 ||| Stepping ~*~*~tactically~*~*~ (outnumbered).
  8302 | Lair:1   | 8302 ||| Stepping ~*~*~tactically~*~*~ (outnumbered).
  8303 | Lair:1   | 8303 ||| Stepping ~*~*~tactically~*~*~ (outnumbered).
  8304 | Lair:1   | 8304 ||| Stepping ~*~*~tactically~*~*~ (outnumbered).
  8305 | Lair:1   | 8305 ||| Stepping ~*~*~tactically~*~*~ (outnumbered).
  8307 | Lair:1   | 8307 ||| Stepping ~*~*~tactically~*~*~ (outnumbered).
  8308 | Lair:1   | 8308 ||| Stepping ~*~*~tactically~*~*~ (outnumbered).
  8309 | Lair:1   | 8309 ||| Stepping ~*~*~tactically~*~*~ (outnumbered).
  8310 | Lair:1   | 8310 ||| Stepping ~*~*~tactically~*~*~ (outnumbered).
  8318 | Lair:1   | 8318 ||| Stepping ~*~*~tactically~*~*~ (outnumbered).
  8319 | Lair:1   | 8319 ||| Stepping ~*~*~tactically~*~*~ (outnumbered).
  8320 | Lair:1   | 8320 ||| Stepping ~*~*~tactically~*~*~ (outnumbered).
  8321 | Lair:1   | 8321 ||| Stepping ~*~*~tactically~*~*~ (outnumbered).
  8322 | Lair:1   | 8322 ||| Stepping ~*~*~tactically~*~*~ (outnumbered).
  8325 | Lair:1   | 8325 ||| Stepping ~*~*~tactically~*~*~ (outnumbered).
  8326 | Lair:1   | 8326 ||| Stepping ~*~*~tactically~*~*~ (outnumbered).
  8334 | Lair:1   | Reached skill level 13 in Unarmed Combat
  8408 | Lair:1   | 8408 ||| Stepping ~*~*~tactically~*~*~ (stealth).
  8410 | Lair:1   | 8410 ||| Stepping ~*~*~tactically~*~*~ (stealth).
  8413 | Lair:1   | 8413 ||| Stepping ~*~*~tactically~*~*~ (hiding).
  8418 | Lair:1   | 8418 ||| INVOKING Fiery Armour.
  8435 | Lair:1   | Killed a death yak
  8436 | Lair:1   | 8436 ||| Stepping ~*~*~tactically~*~*~ (stealth).
  8446 | Lair:1   | 8446 ||| Stepping ~*~*~tactically~*~*~ (stealth).
  8459 | Lair:1   | 8459 ||| Stepping ~*~*~tactically~*~*~ (stealth).
  8461 | Lair:1   | 8461 ||| Stepping ~*~*~tactically~*~*~ (stealth).
  8476 | Lair:1   | 8476 ||| Stepping ~*~*~tactically~*~*~ (cloud).
  8478 | Lair:1   | 8478 ||| Stepping randomly (cloudy).
  8479 | Lair:1   | 8479 ||| Stepping ~*~*~tactically~*~*~ (cloud).
  8479 | Lair:1   | HP: 19/102 [ice devil (21)]
  8481 | Lair:1   | HP: 3/102 [ice statue/bolt of cold (18)]
  8483 | Lair:1   | Mangled by an ice devil

Levels and vault maps discovered:
D:1:      lemuel_arrival_hallway, layout_basic, chequers_ecumenical_altar_island
D:2:      layout_basic, minmay_misc_feat_rows, minmay_tromino_v7, uniq_jessica,
          uniq_sigmund
D:3:      layout_basic, nicolae_overflow_hidden_temple
D:4:      layout_loops_ring, temple_fountains
D:5:      layout_basic
D:6:      layout_basic, evilmike_ruin_ashenzari,
          nicolae_dithmenos_shadow_blocks, kennysheep_generic_room_12
D:7:      layout_rooms, lemuel_coloured_pillars_altar
D:8:      layout_basic, grunt_temple_overflow_octagram, serial_shops,
          nicolae_square_shop, minmay_tree_intersection,
          minmay_guarded_unrand_variability, uniq_psyche, uniq_erica
D:9:      layout_grid_maze, dpeg_oklobed_lair
Lair:1:   dreamdust_isle_of_ice, layout_chaotic_city

Skill      XL: |  1  2  3  4  5  6  7  8  9 10 11 |
---------------+----------------------------------+-----
Unarmed Combat | 6 8 9 10 12 13 | 13.0
Dodging        | 1 2 |  2.3
Fighting       | 3 4 5 |  5.0
Throwing       | 2 4 |  4.2
Shields        | 3 8 9 |  9.4
Armour         | 1 2 |  2.4
Spellcasting   | |  1.0
Fire Magic     | |  2.1

Action                   |  1- 3 |  4- 6 |  7- 9 | 10-12 || total
-------------------------+-------+-------+-------+-------++-------
Melee: Unarmed           |    75 |   128 |   251 |   245 ||   699
       Punch             |       |       |     2 |       ||     2
Throw: Boomerang         |       |       |    46 |    15 ||    61
       Large rock        |       |       |       |    21 ||    21
Invok: Fiery Armour      |       |     2 |     4 |     3 ||     9
  Use: Scroll            |     6 |     3 |    11 |     5 ||    25
       Potion            |     2 |     2 |     5 |     5 ||    14
 Stab: Sleeping          |       |     1 |       |       ||     1
Armor: Robe              |    30 |    24 |    32 |       ||    86
       Steam dragon scal |       |       |    47 |    77 ||   124
       Skin              |       |       |     7 |       ||     7
Dodge: Dodged            |    28 |    56 |   167 |   111 ||   362
Block: Kite shield       |       |       |    76 |   111 ||   187

Table legend:
 A = Non-vault XP
 B = Vault XP
 C = Vault XP percentage of total XP
 D = Non-vault monster count
 E = Vault monster count
 F = Vault count percentage of total count
                 A         B        C        D         E       F
            +---------+---------+-------+---------+---------+-------
      Total |   10298 |    5905 |  36.4 |     199 |      23 |  10.4
            +---------+---------+-------+---------+---------+-------
        D:1 |      28 |       0 |   0.0 |      16 |       0 |   0.0
        D:2 |      44 |     253 |  85.2 |      23 |       4 |  14.8
        D:3 |      78 |       0 |   0.0 |      18 |       0 |   0.0
        D:4 |     279 |       0 |   0.0 |      17 |       0 |   0.0
        D:5 |     750 |       0 |   0.0 |      17 |       0 |   0.0
        D:6 |     987 |     116 |  10.5 |      18 |       1 |   5.3
        D:7 |    1713 |     542 |  24.0 |      41 |       3 |   6.8
        D:8 |     911 |    1010 |  52.6 |      17 |       2 |  10.5
        D:9 |    2506 |       0 |   0.0 |      18 |       0 |   0.0
     Lair:1 |    3002 |    3984 |  57.0 |      14 |      13 |  48.1
            +---------+---------+-------+---------+---------+-------
